 Dungeon Sprint DCSS version 0.31-a0-983-g7b6862f502 (webtiles) character file.

Game seed: 4192595399818089984

1335 zazu2006 the Thaumaturge (level 8, -6/67 HPs)
             Began as a Gnoll Wanderer on Nov 3, 2023.
             Was a Believer of Vehumet.
             Mangled by Erica
             ... wielding a +3 scimitar of flaming
              (13 damage)
             ... in the Dungeon (Sprint III: "The Ten Rune Challenge").
             The game lasted 00:06:01 (1142 turns).

zazu2006 the Thaumaturge (Gnoll Wanderer)           Turns: 1142, Time: 00:06:02

Health: -6/67      AC:  2    Str: 17    XL:     8   Next: 61%
Magic:  11/22      EV: 13    Int: 12    God:    Vehumet [**....]
Gold:   10         SH:  0    Dex:  8    Spells: 22/27 levels left

rFire   . . .        a - +2 mace
rCold   . . .        (no shield)
rNeg    . . .        k - +0 robe
rPois   .            (no helmet)
rElec   .            (no cloak)
rCorr   .            (no gloves)
SInv    .            (no boots)
Will    .....        (no amulet)
Stlth   +++          (no ring)
HPRegen 0.31/turn    (no ring)
MPRegen 0.18/turn

%: no teleportation
@: very slightly contaminated
A: fangs 1, strong nose, distributed training
a: Renounce Religion


You were in the Dungeon.
You worshipped Vehumet.
Vehumet was pleased with you.
You visited 1 branch You collected 10 gold pieces.

Inventory:

Hand Weapons
 a - a +2 mace (weapon)
 h - a +0 long sword of holy wrath
Armour
 b - a +0 ring mail
 k - a +0 robe (worn)
Scrolls
 j - a scroll of amnesia {unknown}
Potions
 c - a potion of attraction
 d - a potion of curing
 e - a potion of heal wounds
 f - a potion of haste
 g - 2 potions of magic


   Skills:
 + Level 7.3 Fighting
 + Level 6.8 Short Blades
 + Level 6.8 Long Blades
 + Level 6.8 Axes
 + Level 9.5 Maces & Flails
 + Level 6.8 Polearms
 + Level 6.8 Staves
 + Level 6.8 Ranged Weapons
 + Level 6.8 Throwing
 + Level 8.3 Armour
 + Level 7.3 Dodging
 + Level 6.8 Stealth
 + Level 6.8 Shields
 + Level 6.8 Unarmed Combat
 + Level 10.0 Spellcasting
 + Level 5.6 Conjurations
 + Level 5.6 Hexes
 + Level 5.6 Summonings
 + Level 5.6 Necromancy
 + Level 5.6 Translocations
 + Level 5.6 Transmutations
 + Level 5.6 Fire Magic
 + Level 5.6 Ice Magic
 + Level 5.6 Air Magic
 + Level 5.6 Earth Magic
 + Level 5.6 Poison Magic
 + Level 7.5 Invocations
 + Level 6.8 Evocations
 + Level 6.2 Shapeshifting


You had 22 spell levels left.
You knew the following spells:

 Your Spells              Type           Power      Damage    Failure   Level
a - Shock                 Conj/Air       76%        1d7       1%          1
b - Mephitic Cloud        Conj/Pois/Air  19%        N/A       3%          3
c - Foxfire               Conj/Fire      76%        2x1d7     1%          1

Your spell library contained the following spells:

 Spells                   Type           Power      Damage    Failure   Level
 Scorch                   Fire           38%        2d6       1%          2
 Sting                    Tmut/Pois      76%        1d6       1%          1
 Poisonous Vapours        Pois/Air       38%        N/A       1%          2
 Volatile Blastmotes      Fire/Tloc      38%        2d13      3%          3
 Fulminant Prism          Conj/Hex       9%         3d7       12%         4
 Iskenderun's Mystic Bla  Conj/Tloc      19%        2d6       12%         4
 Olgreb's Toxic Radiance  Pois           19%        N/A       12%         4


Dungeon Overview and Level Annotations

Branches:
Dungeon (1/1)

Altars:
Cheibriados
Dithmenos
Elyvilon
Fedhas
Gozag
Hepliaklqana
Kikubaaqudgha
Makhleb
Nemelex Xobeh
Okawaru
Qazlal
Ru
Sif Muna
Trog
Uskayaw
Vehumet
Wu Jian
Xom
Yredelemnul
Zin
The Shining One
Jiyva
Lugonu

Annotations:
D Erica


Innate Abilities, Weirdness & Mutations

You have very sharp teeth.
Your uncanny sense of smell can sniff out nearby items.
Your experience applies equally to all skills.


Message History

There is an opulent altar of Gozag here.
There is a corrupted altar of Lugonu here.
You start resting.
Something unseen breaks down the door.
Casting: Mephitic Cloud (dangerous; 3% risk of failure)
Confirm with . or Enter, or press ? or * to list all spells.
Aiming: Mephitic Cloud (dangerous; 3% risk of failure)
Press: ? - help, Shift-Dir - straight line You miscast Mephitic Cloud.
You are very lightly contaminated with residual magic.
Nothing appears to happen.
Casting: Mephitic Cloud (dangerous; 3% risk of failure)
Confirm with . or Enter, or press ? or * to list all spells.
You can't see any susceptible monsters within range! (Use Z to cast anyway.)
Casting: Mephitic Cloud (dangerous; 3% risk of failure)
Confirm with . or Enter, or press ? or * to list all spells.
Aiming: Mephitic Cloud (dangerous; 3% risk of failure)
Press: ? - help, Shift-Dir - straight line The ball explodes into a vile cloud!
The stinking cloud engulfs something but does no damage.
Unknown command.
Press < or > to pray at altars.
Unknown command.
Press < or > to pray at altars.
Casting: Mephitic Cloud (dangerous; 3% risk of failure)
Confirm with . or Enter, or press ? or * to list all spells.
You can't see any susceptible monsters within range! (Use Z to cast anyway.)
Casting: Mephitic Cloud (dangerous; 3% risk of failure)
Confirm with . or Enter, or press ? or * to list all spells.
Aiming: Mephitic Cloud (dangerous; 3% risk of failure)
Press: ? - help, Shift-Dir - straight line The ball explodes into a vile cloud!
The stinking cloud engulfs something but does no damage.
Casting: Mephitic Cloud (dangerous; 3% risk of failure)
Confirm with . or Enter, or press ? or * to list all spells.
You can't see any susceptible monsters within range! (Use Z to cast anyway.)
Casting: Mephitic Cloud (dangerous; 3% risk of failure)
Confirm with . or Enter, or press ? or * to list all spells.
You conjure some foxfire!
Something hits your foxfire!!
The foxfire hits something.
Something hits you!
You die...

▓▓▓ ...♣♣♣ ♣.############∆ ∆
.....♣ ♣.#___#___#__#∆∆ ∆∆ ∆
.....♣ ♣.#..†#__)#†_#∆ ∆
...~.♣♣♣♣.###'#'###'##
..~~♣♣♣.♣.#.......÷..# ∆ ∆
.~~~~♣♣.♣.'.⌠........# ∆ ∆
.~≈≈~~~.♣.#...######'# ∆ ∆∆
∆
~~≈~~~....#.⌠.#_@#...#+#####
~≈~~~.....#...#__#...#.§~§~+
~~~.......#'###__#...#.#~§§#
.....†....#.))#__#...'.#§..#
..........#___#__'...#.#..§#
▓▓▓▓▓▓▓▓▓▓▓▓▓▓▓▓▓▓▓▓▓▓▓▓▓▓▓▓


There were no monsters in sight!

Vanquished Creatures
  A deep elf pyromancer (D)
  A shadow (D)
  A spatial vortex (D)
  A necrophage (D)
  A scorpion (D)
  A water elemental (D)
  A jelly (D)
  Jessica (D)
  An arcanist (D)
  A necromancer (D)
  A kobold demonologist (D)
  3 humans (D)
  An endoplasm (D)
  2 rats (D)
  A foxfire (D)
18 creatures vanquished.

Vanquished Creatures (others)
  60 foxfires (D)
60 creatures vanquished.

Grand Total: 78 creatures vanquished

Notes
Turn   | Place    | Note
-------+----------+-------------------------------------------
     0 | D        | zazu2006 the Gnoll Wanderer began the quest for the Orb.
     0 | D        | zazu2006 set off with the following items: a +2 mace, a +0
                  | ring mail, a potion of attraction, a potion of curing, a
                  | potion of heal wounds, a potion of haste, 2 potions of
                  | magic, a potion of berserk rage, a scroll of blinking; and
                  | the following spell memorised: Shock; and the following
                  | spells available to memorise: Mephitic Cloud.
     0 | D        | Reached XP level 1. HP: 17/17 MP: 8/8
    51 | D        | Noticed Jessica
    60 | D        | Killed Jessica
    61 | D        | Reached skill level 1 in Short Blades
    61 | D        | Reached skill level 1 in Long Blades
    61 | D        | Reached skill level 1 in Axes
    61 | D        | Reached skill level 1 in Polearms
    61 | D        | Reached skill level 1 in Staves
    61 | D        | Reached skill level 1 in Ranged Weapons
    61 | D        | Reached skill level 1 in Throwing
    61 | D        | Reached skill level 1 in Stealth
    61 | D        | Reached skill level 1 in Shields
    61 | D        | Reached skill level 1 in Unarmed Combat
    61 | D        | Reached skill level 1 in Conjurations
    61 | D        | Reached skill level 1 in Hexes
    61 | D        | Reached skill level 1 in Summonings
    61 | D        | Reached skill level 1 in Necromancy
    61 | D        | Reached skill level 1 in Translocations
    61 | D        | Reached skill level 1 in Transmutations
    61 | D        | Reached skill level 1 in Fire Magic
    61 | D        | Reached skill level 1 in Ice Magic
    61 | D        | Reached skill level 1 in Air Magic
    61 | D        | Reached skill level 1 in Earth Magic
    61 | D        | Reached skill level 1 in Poison Magic
    61 | D        | Reached skill level 1 in Evocations
    61 | D        | Reached skill level 1 in Shapeshifting
    61 | D        | Reached XP level 2. HP: 19/24 MP: 10/10
    61 | D        | Reached XP level 3. HP: 23/29 MP: 11/11
    94 | D        | Noticed a scorpion
   114 | D        | Killed a scorpion
   115 | D        | Reached skill level 5 in Armour
   115 | D        | Reached XP level 4. HP: 14/37 MP: 11/13
   232 | D        | Learned a level 3 spell: Mephitic Cloud
   269 | D        | Noticed a water elemental
   279 | D        | Killed a water elemental
   280 | D        | Reached skill level 8 in Spellcasting
   280 | D        | Reached XP level 5. HP: 12/43 MP: 13/15
   398 | D        | Found a radiant altar of Vehumet.
   399 | D        | Found a shimmering blue altar of Sif Muna.
   399 | D        | Found an ancient bone altar of Kikubaaqudgha.
   403 | D        | Noticed a rust devil
   412 | D        | Became a worshipper of Vehumet
   440 | D        | Found a glowing silver altar of Zin.
   440 | D        | Found a glowing golden altar of the Shining One.
   440 | D        | Found a white marble altar of Elyvilon.
   441 | D        | Noticed a deep elf pyromancer
   455 | D        | Killed a deep elf pyromancer
   456 | D        | Reached skill level 5 in Short Blades
   456 | D        | Reached skill level 5 in Long Blades
   456 | D        | Reached skill level 5 in Axes
   456 | D        | Reached skill level 5 in Polearms
   456 | D        | Reached skill level 5 in Staves
   456 | D        | Reached skill level 5 in Ranged Weapons
   456 | D        | Reached skill level 5 in Throwing
   456 | D        | Reached skill level 5 in Stealth
   456 | D        | Reached skill level 5 in Shields
   456 | D        | Reached skill level 5 in Unarmed Combat
   456 | D        | Reached skill level 9 in Spellcasting
   456 | D        | Reached skill level 5 in Evocations
   456 | D        | Reached skill level 5 in Shapeshifting
   456 | D        | Reached XP level 6. HP: 31/53 MP: 15/18
   456 | D        | Reached XP level 7. HP: 35/59 MP: 15/19
   538 | D        | Found a hide-covered altar of Uskayaw.
   538 | D        | Found an iron altar of Okawaru.
   539 | D        | Found a bloodstained altar of Trog.
   539 | D        | Found an ornate altar of the Wu Jian Council.
   539 | D        | Noticed a human
   539 | D        | Noticed a human
   564 | D        | Killed a human
   565 | D        | Reached skill level 5 in Conjurations
   565 | D        | Reached skill level 5 in Hexes
   565 | D        | Reached skill level 5 in Summonings
   565 | D        | Reached skill level 5 in Necromancy
   565 | D        | Reached skill level 5 in Translocations
   565 | D        | Reached skill level 5 in Transmutations
   565 | D        | Reached skill level 5 in Fire Magic
   565 | D        | Reached skill level 5 in Ice Magic
   565 | D        | Reached skill level 5 in Air Magic
   565 | D        | Reached skill level 5 in Earth Magic
   565 | D        | Reached skill level 5 in Poison Magic
   565 | D        | Killed a human
   565 | D        | Reached * piety under Vehumet
   565 | D        | Offered knowledge of Foxfire by Vehumet.
   566 | D        | Reached XP level 8. HP: 15/65 MP: 9/21
   731 | D        | Found a shadowy altar of Dithmenos.
   732 | D        | Found a basalt altar of Yredelemnul.
   732 | D        | Found a sacrificial altar of Ru.
   820 | D        | Learned a level 1 spell: Foxfire
   828 | D        | Reached ** piety under Vehumet
   828 | D        | Offered knowledge of Scorch by Vehumet.
   833 | D        | Noticed a shadow
   854 | D        | Killed a shadow
  1001 | D        | Found a blossoming altar of Fedhas.
  1001 | D        | Found a stormy altar of Qazlal.
  1002 | D        | Found a snail-covered altar of Cheibriados.
  1002 | D        | Found a burning altar of Makhleb.
  1002 | D        | Found a hazy altar of Hepliaklqana.
  1002 | D        | Found a shimmering altar of Xom.
  1002 | D        | Found an opulent altar of Gozag.
  1002 | D        | Found a sparkling altar of Nemelex Xobeh.
  1002 | D        | Found a corrupted altar of Lugonu.
  1002 | D        | Found a viscous altar of Jiyva.
  1039 | D        | Reached skill level 10 in Spellcasting
  1114 | D        | Noticed Erica
  1127 | D        | HP: 2/67 [something (2)]
  1142 | D        | Mangled by Erica

Illustrated notes

Levels and vault maps discovered:
D:        dungeon_sprint_mu [sprint_mu_entry_forest, sprint_mu_temple_rooms,
          sprint_mu_d1_horrors, sprint_mu_d2_genie, sprint_mu_d3_branching,
          sprint_mu_orc_legion, sprint_mu_elf_gauntlet, sprint_mu_hive_nellie,
          sprint_mu_lair_fedhas, sprint_mu_vaults_butterflies,
          sprint_mu_slime_circle, sprint_mu_shoals_archi,
          sprint_mu_snake_twists, sprint_mu_blade_basic, sprint_mu_crypt_lich,
          sprint_mu_tomb_spiral, sprint_mu_vestibule_basic,
          sprint_mu_gehenna_hellfire, sprint_mu_dis_giant,
          sprint_mu_tartarus_statrot, sprint_mu_cocytus_islands, sprint_mu_zot1]

Skill      XL: |  1  2  3  4  5  6  7  8 |
---------------+-------------------------+-----
Fighting       | 3 4 6 7 |  7.3
Short Blades   | 1 2 3 5 6 |  6.8
Long Blades    | 1 2 3 5 6 |  6.8
Axes           | 1 2 3 5 6 |  6.8
Polearms       | 1 2 3 5 6 |  6.8
Staves         | 1 2 3 5 6 |  6.8
Ranged Weapons | 1 2 3 5 6 |  6.8
Throwing       | 1 2 3 5 6 |  6.8
Dodging        | 3 4 6 7 |  7.3
Stealth        | 1 2 3 5 6 |  6.8
Shields        | 1 2 3 5 6 |  6.8
Unarmed Combat | 1 2 3 5 6 |  6.8
Conjurations   | 1 2 3 4 5 |  5.6
Hexes          | 1 2 3 4 5 |  5.6
Summonings     | 1 2 3 4 5 |  5.6
Necromancy     | 1 2 3 4 5 |  5.6
Translocations | 1 2 3 4 5 |  5.6
Transmutations | 1 2 3 4 5 |  5.6
Fire Magic     | 1 2 3 4 5 |  5.6
Ice Magic      | 1 2 3 4 5 |  5.6
Air Magic      | 1 2 3 4 5 |  5.6
Earth Magic    | 1 2 3 4 5 |  5.6
Poison Magic   | 1 2 3 4 5 |  5.6
Invocations    | 2 3 4 6 7 |  7.5
Evocations     | 1 2 3 5 6 |  6.8
Shapeshifting  | 1 2 3 5 6 |  6.2
Maces & Flails | 7 8 9 |  9.5
Armour         | 5 7 8 |  8.3
Spellcasting   | 8 9 10 | 10.0

Action                     |  1- 3 |  4- 6 |  7- 9 || total
---------------------------+-------+-------+-------++-------
  Melee: Mace              |    24 |    34 |    35 ||    93
         Bite              |     1 |     5 |     4 ||    10
         Punch             |       |       |     3 ||     3
   Cast: Mephitic Cloud    |       |     2 |     7 ||     9
         Shock             |       |       |     3 ||     3
         Foxfire           |       |       |    33 ||    33
    Use: Potion            |       |     1 |     1 ||     2
         Scroll            |       |       |     1 ||     1
   Stab: Confused          |       |     2 |     4 ||     6
         Sleeping          |       |     2 |     1 ||     3
 Armour: Ring mail         |    13 |       |       ||    13
         Robe              |       |     8 |    26 ||    34
  Dodge: Dodged            |    10 |     9 |    16 ||    35

Table legend: (Time is in decaauts)
 A = Elapsed time spent in this place.
 B = Non-inter-level travel time spent in this place.
 C = Inter-level travel time spent in this place.
 D = Time resting spent in this place.
 E = Time spent auto-exploring this place.
 F = Levels seen in this place.
 G = Mean time per level.
                   A        B        C        D        E       F      G
               +--------+--------+--------+--------+--------+-----+--------+
         Total |   1153 |   1153 |      0 |    788 |      0 |   1 | 1153.0 |
       Dungeon |   1153 |   1153 |      0 |    788 |      0 |   1 | 1153.0 |
               +--------+--------+--------+--------+--------+-----+--------+

Top non-repeatable levels by time:
       D: 1153 daAuts
